 Dungeon Crawl Stone Soup version 0.22-a0-271-gc000056a37 (webtiles) character file.

47 RedPan the Insei (level 3, 0/29 HPs)
             Began as a Demonspawn Monk on Mar 12, 2018.
             Slain by a worm (3 damage)
             ... on level 2 of the Dungeon.
             The game lasted 00:02:54 (1335 turns).

RedPan the Insei (Demonspawn Monk)                  Turns: 1335, Time: 00:02:54

Health: 0/29       AC:  6    Str: 12    XL:     3   Next: 48%
Magic:  3/3        EV: 12    Int: 11    God:
Gold:   84         SH:  0    Dex: 15    Spells: 2/2 levels left

rFire    . . .     SeeInvis .     - Unarmed
rCold    . . .     Gourm    .   (no shield)
rNeg     . . .     Faith    .   n - +1 ring mail
rPois    .         Spirit   .   (no helmet)
rElec    .         Reflect  .   (no cloak)
rCorr    .         Harm     .   (no gloves)
MR       .....                  (no boots)
Stlth    +.........             (no amulet)
HPRegen  0.09/turn              (no ring)
MPRegen  0.08/turn              (no ring)

@: no status effects
A: powered by death 1
a: no special abilities


You were on level 2 of the Dungeon.
You were hungry.

You visited 1 branch of the dungeon, and saw 2 of its levels.

You collected 84 gold pieces.

Inventory:

Armour
 a - a +0 robe
 n - a +1 ring mail (worn)
Jewellery
 j - an uncursed ring of ice
Wands
 d - a wand of clouds (3)
Scrolls
 c - 2 scrolls of remove curse
 f - a scroll of teleportation {unknown}
Potions
 e - a potion of magic {unknown}
 g - a potion of might {unknown}
 h - 2 potions of curing
 i - a potion of haste {unknown}
Comestibles
 b - 3 rations


   Skills:
 - Level 3.0 Fighting
 + Level 0.3 Armour
 + Level 3.2 Dodging
 - Level 1.7 Stealth
 * Level 3.6 Unarmed Combat


You had 2 spell levels left.
You didn't know any spells.

Dungeon Overview and Level Annotations

Branches:
Dungeon (2/15)

Altars:


Innate Abilities, Weirdness & Mutations

You regenerate a little health from kills.


Message History

The worm bites you!
* * * LOW HITPOINT WARNING * * *
You hit the worm.
The worm is heavily wounded.
Unknown command.
You barely miss the worm.
The worm is heavily wounded.
The worm barely misses you.
You hit the worm.
The worm is heavily wounded.
You barely miss the worm.
The worm is heavily wounded.
The worm bites you.
* * * LOW HITPOINT WARNING * * *
You hit the worm. You punch the worm.
The worm is almost dead.
You barely miss the worm.
The worm is almost dead.
The worm bites you.
You die...

###.....<....##........
#...........#........
#............†........
#........###.......... #####
#......## #..........
....#####.##### #........).
........#.# #........
##..###...###########.#.####
##.............@..........S
####.####.....w.##.......#
#.# #######.##?......? # #.#
#........... # #.#
####....%..# ## ##.#
#.......# .####..# #w.......
.#....## #.......# ......##
#.......#


You could see a worm.

Vanquished Creatures
  An ooze (D:1)
  3 dart slugs (D:1)
  A leopard gecko (D:1)
  A ball python (D:1)
  5 bats (D:2)
  A giant cockroach (D:1)
  4 goblins (D:1)
  4 hobgoblins
  4 jackals (D:1)
  2 frilled lizards (D:1)
  3 kobolds (D:1)
  5 rats
34 creatures vanquished.

Notes
Turn   | Place    | Note
-------+----------+-------------------------------------------
     0 | D:1      | RedPan the Demonspawn Monk began the quest for the Orb.
     0 | D:1      | Reached XP level 1. HP: 18/18 MP: 1/1
   355 | D:1      | Gained mutation: You regenerate a little health from kills. [demonic ancestry]
   355 | D:1      | Reached XP level 2. HP: 24/24 MP: 2/2
   595 | D:1      | Reached XP level 3. HP: 26/29 MP: 3/3
  1335 | D:2      | Slain by a worm

Vault maps used:
D:1:      mrwooster_arrival_statue_2
D:2:      minmay_pentomino_w4, uniq_natasha

Skill      XL: |  1  2 |
---------------+-------+-----
Unarmed Combat | 3 |  3.6
Dodging        | 3 |  3.2
Fighting       | |  3.0
Armour         | |  0.3
Stealth        | |  1.7

Action                   || total
-------------------------++-------
Melee: Unarmed           ||   155
       Punch             ||     5
  Use: Scroll            ||     7
 Stab: Sleeping          ||     4
  Eat: Chunk             ||     1
Armor: Robe              ||    12
       Ring mail         ||    25
Dodge: Dodged            ||    99

Table legend:
 A = Spawn XP
 B = Non-spawn XP
 C = Spawn XP percentage of total XP
 D = Spawn monster count
 E = Non-spawn monster count
 F = Spawn count percentage of total count
 G = Total turns spent on level
                    A         B        C        D         E        F      G
               +---------+---------+-------+---------+---------+-------+---------
         Total |       0 |      68 |   0.0 |       0 |      34 |   0.0 |  1335
               +---------+---------+-------+---------+---------+-------+---------
           D:1 |       0 |      53 |   0.0 |       0 |      25 |   0.0 |  1166
           D:2 |       0 |      15 |   0.0 |       0 |       9 |   0.0 |   169
               +---------+---------+-------+---------+---------+-------+---------
